 Dungeon Crawl Stone Soup version 0.31-a0-221-gbddc013574 (webtiles) character file.

Game seed: 15076235425226872366

85 timneilson the Covered (level 4, -4/28 HPs)
             Began as a Gargoyle Fighter on July 4, 2023.
             Killed by divine providence
             ... invoked by an orc priest
              (11 damage)
             ... on level 3 of the Dungeon.
             The game lasted 00:02:40 (1760 turns).

timneilson the Covered (Gargoyle Fighter)           Turns: 1760, Time: 00:02:40

Health: -4/28      AC: 13    Str: 20    XL:     4   Next: 48%
Magic:  4/4        EV:  8    Int:  8    God:
Gold:   68         SH:  4    Dex: 11    Spells: 3/3 levels left

rFire   . . .        a - +0 long sword (flame)
rCold   . . .        c - +0 buckler
rNeg    + . .        e - +0 chain mail
rPois   ∞            (no helmet)
rElec   +            (no cloak)
rCorr   .            (no gloves)
SInv    .            (no boots)
Will    .....        (no amulet) Stlth
                     (no ring)
HPRegen 0.24/turn    (no ring)
MPRegen 0.09/turn

%: no passive effects
@: no status effects
A: sickness immunity, AC +3, negative energy resistance 1, electricity
resistance, torment resistance 1, petrification resistance
a: no special abilities


You were on level 3 of the Dungeon.
You visited 1 branch of the dungeon, and saw 3 of its levels.

You collected 68 gold pieces.

Inventory:

Hand Weapons
 a - a +0 long sword of flaming (weapon)
Armour
 c - a +0 buckler (worn)
 e - a +0 chain mail (worn)
Scrolls
 h - a scroll of silence
Potions
 b - a potion of haste {unknown}
 d - 3 potions of might
 f - a potion of heal wounds


   Skills:
 + Level 3.6 Fighting
 * Level 2.5 Long Blades
 * Level 4.0 Armour
 + Level 0.8 Dodging
 * Level 4.0 Shields


You had 3 spell levels left.
You didn't know any spells.
Your spell library contained the following spells:

 Spells                   Type           Power      Damage    Failure   Level
 Beastly Appendage        Tmut           0%         N/A       99%         1
 Wereblood                Tmut           0%         N/A       99%         2
 Gell's Gravitas          Tloc           0%         N/A       100%        3
 Spider Form              Tmut/Pois      0%         N/A       100%        3
 Teleport Other           Tloc           0%         N/A       100%        3
 Dispersal                Tloc           0%         N/A       100%        6


Dungeon Overview and Level Annotations

Branches:
Dungeon (3/15)

Altars:

Shops:
D:1 (


Innate Abilities, Weirdness & Mutations

You are immune to sickness and miasma.
Your stone body is resilient. (AC +3)
You are immune to poison.
You resist negative energy. (rN+)
You are resistant to electric shocks. (rElec)
You are resistant to unholy torment.
You are immune to petrification.


Message History

The orc priest begins to cast a cantrip, but forgets the words!
You hit the orc priest. You burn the orc priest.
The orc priest is moderately wounded.
An orc wizard comes into view. It is wielding a +0 dagger.
You closely miss the orc.
The orc priest begins to cast a cantrip, but forgets the words!
The orc hits you with a +0 dagger.
You closely miss the orc. You block the orc's attack.
The orc priest begins to cast a cantrip, but forgets the words!
You closely miss the orc priest.
The orc priest is moderately wounded.
The orc priest hits you but does no damage.
The orc hits you but does no damage.
You hit the orc priest. You burn the orc priest.
The orc priest is heavily wounded.
The orc priest mumbles some strange prayers to Beogh against you.
Beogh smites you! The orc hits you but does no damage.
You barely miss the orc priest.
The orc priest is heavily wounded.
The orc priest mumbles some strange prayers to Beogh against you.
Pain shoots through your body! The orc barely misses you.
The orc wizard casts a spell.
The orc wizard flickers and vanishes!
Deactivating autopickup; reactivate with Ctrl-A.
You block the orc priest's attack. The orc barely misses you.
You closely miss the orc priest.
The orc priest is heavily wounded.
The orc barely misses you.
The orc priest hits you but does no damage.
You barely miss the orc priest.
The orc priest is heavily wounded.
The orc priest mumbles some strange prayers to Beogh against you.
Pain shoots through your body!
* * * LOW HITPOINT WARNING * * *
The orc hits you but does no damage.
You hit the orc priest. You burn the orc priest.
The orc priest is severely wounded.
The orc priest mumbles some strange prayers to Beogh against you.
Beogh smites you!
You die...

+.........'....
#.........####.
##.......## ##
##.....## #
##...########
##.........#
#..######.#
#.#.###### #..# #.#
#...o{o@.#####..####
#.#
###.##o#...........#
#.# #...###.....#.#
#.# #####
##...##.###.#
##..##......
##........#
##########


You could see an orc priest and 2 orcs.

Vanquished Creatures
  Jessica (D:2)
  An adder (D:2)
  A worm (D:2)
  5 ball pythons
  3 endoplasms
  3 giant cockroaches
  3 goblins
  7 hobgoblins
  3 jackals
  A quokka (D:2)
  3 bats (D:1)
  5 frilled lizards
  3 kobolds
  7 rats
46 creatures vanquished.

Notes
Turn   | Place    | Note
-------+----------+-------------------------------------------
     0 | D:1      | timneilson the Gargoyle Fighter began the quest for the
                  | Orb.
     0 | D:1      | Reached XP level 1. HP: 14/14 MP: 1/1
   231 | D:1      | Reached XP level 2. HP: 19/19 MP: 2/2
   666 | D:1      | Found Ciuvoh's Weapon Boutique.
   943 | D:2      | Reached XP level 3. HP: 23/23 MP: 3/3
  1055 | D:2      | Noticed Jessica
  1058 | D:2      | Killed Jessica
  1134 | D:2      | Reached XP level 4. HP: 26/28 MP: 4/4
  1760 | D:3      | Killed from afar by an orc priest

Illustrated notes

Levels and vault maps discovered:
D:1:      minmay_arrival_up_and_down, layout_loops_ring, serial_shops,
          nicolae_shop_pleasant_corner_grove, minmay_cupped
D:2:      layout_basic, minmay_liquid_box, roderic_serpentine_path,
          reono_crystal_passage, minmay_fountain_box, uniq_jessica
D:3:      layout_loops_corners, pdpol_temple_overflow_zin_treasury_gozag_greed,
          mainiacjoe_overflow_alcove_4, ebering_ecumenical_altar_mist,
          serial_bayou_pond_c

Skill      XL: |  1  2  3  4 |
---------------+-------------+-----
Long Blades    | 2 |  2.5
Armour         | 4 |  4.0
Shields        | 4 |  4.0
Fighting       | |  3.6
Dodging        | |  0.8

Action                     |  1- 3 |  4- 6 || total
---------------------------+-------+-------++-------
  Melee: Long sword        |   106 |    54 ||   160
    Use: Scroll            |     4 |     1 ||     5
 Armour: Scale mail        |    64 |       ||    64
         Chain mail        |     2 |    27 ||    29
  Dodge: Dodged            |    53 |    19 ||    72
  Block: Buckler           |    27 |    12 ||    39

Table legend: (Time is in decaauts)
 A = Elapsed time spent in this place.
 B = Non-inter-level travel time spent in this place.
 C = Inter-level travel time spent in this place.
 D = Time resting spent in this place.
 E = Time spent auto-exploring this place.
 F = Levels seen in this place.
 G = Mean time per level.
                   A        B        C        D        E       F      G
               +--------+--------+--------+--------+--------+-----+--------+
         Total |   1811 |   1730 |     81 |     28 |   1298 |   3 |  603.7 |
       Dungeon |   1811 |   1730 |     81 |     28 |   1298 |   3 |  603.7 |
               +--------+--------+--------+--------+--------+-----+--------+

Top non-repeatable levels by time:
     D:1: 953 daAuts
     D:2: 788 daAuts
     D:3: 69 daAuts
